 Dungeon Crawl Stone Soup version 0.17-a0-1714-g35622ae (webtiles) character file.

10908 kae the Carver (level 11, -14/82 HPs)
             Began as a Minotaur Fighter on Aug 23, 2015.
             Was the Champion of Makhleb.
             Demolished by a komodo dragon (28 damage)
             ... on level 10 of the Dungeon.
             The game lasted 00:14:49 (9113 turns).

kae the Carver (Minotaur Fighter)                   Turns: 9113, Time: 00:14:49

Health: -14/82     AC: 11    Str: 21    XL:     11   Next: 42%
Magic:  19/19      EV: 11    Int:  7    God:    Makhleb [******]
Gold:   798        SH:  9    Dex: 11    Spells: 0 memorised, 10 levels left

rFire  . . .     SeeInvis +     a - +0 scimitar (flame)
rCold  . . .     Clarity  .     e - +1 scale mail
rNeg   . . .     SustAt   .     c - +0 shield
rPois  .         Gourm    .     (helmet restricted)
rElec  .         Spirit   .     J - +0 cloak
rCorr  .         Warding  .     n - +0 pair of gloves
rMut   .         Stasis   .     z - +0 pair of boots
MR     .....                    (no amulet)
Stlth  ..........               E - +4 ring of evasion
                                u - ring of see invisible

@: slowed, very slow, not resistant to hostile enchantments, extremely
unstealthy
A: retaliatory headbutt, horns 2
a: Minor Destruction, Lesser Servant of Makhleb, Major Destruction, Greater
Servant of Makhleb, Renounce Religion


You were on level 10 of the Dungeon.
You worshipped Makhleb.
Makhleb was exalted by your worship.
You were hungry.

You visited 1 branch of the dungeon, and saw 10 of its levels.

You collected 798 gold pieces.

Inventory:

Hand weapons
 a - a +0 scimitar of flaming (weapon)
 L - a +1 long sword
Armour
 c - a +0 shield (worn)
 e - a +1 scale mail (worn)
 n - a +0 pair of gloves (worn)
 z - a +0 pair of boots (worn)
 J - a +0 cloak (worn)
Jewellery
 l - an uncursed ring of protection from fire
 o - an uncursed ring of protection from cold
 u - a ring of see invisible (left hand)
 E - a +4 ring of evasion (right hand)
 G - an uncursed ring of sustain attributes
Magical devices
 w - a wand of digging (24)
 x - a wand of fire (4)
 y - a wand of disintegration (4)
 B - a wand of enslavement (10)
 F - a wand of disintegration (5)
Scrolls
 h - 4 scrolls of enchant armour
 k - 2 scrolls of teleportation
 s - 3 scrolls of fog
 A - 3 scrolls of magic mapping
 H - 2 scrolls of amnesia
 M - 3 scrolls of recharging
 N - 3 scrolls of identify
 P - a scroll of remove curse
Potions
 d - 6 potions of might
 g - 2 potions of lignification
 i - a potion of curing
 m - a potion of cancellation {unknown}
 p - 2 potions of haste
 r - a potion of agility {unknown}
 t - 2 potions of cure mutation {unknown}
 C - a potion of flight {unknown}
 D - 2 potions of berserk rage {unknown}
 K - a potion of brilliance {unknown}
Comestibles
 b - 12 bread rations
 f - a beef jerky
 q - 4 meat rations
 v - a slice of pizza
 Q - 3 fruits
 R - 4 royal jellies


   Skills:
 - Level 3.6 Fighting
 - Level 14.0 Long Blades
 - Level 3.6 Armour
 - Level 3.6 Shields
 + Level 13.1 Invocations


You had 10 spell levels left.
You didn't know any spells.

Dungeon Overview and Level Annotations

Branches:
Dungeon (10/15)            Temple (0/1) D:5            Lair (0/8) D:10
    Orc: D:9-12

Altars:
Dithmenos
Makhleb
Ru
Sif Muna
Trog
Vehumet
Yredelemnul

Shops:
D:6 [

Portals:
Trove: D:10 (give 7 potions of haste)

Annotations:
D:10 Josephine


Innate Abilities, Weirdness & Mutations

You reflexively headbutt those who attack you in melee.
You have a pair of horns on your head.


Message History

No target in view!
A komodo dragon comes into view.
A komodo dragon is nearby!
The komodo dragon bites you!!
* * * LOW HITPOINT WARNING * * *
You hear a shout! x2
You are too injured to fight recklessly!
You are too injured to fight recklessly!
You are too injured to fight recklessly!
You are too injured to fight recklessly!
You are too injured to fight recklessly!
You are too injured to fight recklessly!
You hit the komodo dragon but do no damage.
You hear a shout! x2
The komodo dragon closely misses you.
Josephine the Decaying Necromancer comes into view.
She is wielding a dagger.
You barely miss the komodo dragon.
You headbutt the komodo dragon, but do no damage.
The komodo dragon bites you!!
You die...

#.# #.##.##.#
#.# #.# ...
#.##.##.# #.#
#.# #.##
..##.##.# #.#
#.# # .. #
#.##.##.# #.#
#.# # ##. #.
##.# #.# #.#
#.# # #. ..
#.. #.# #.#
#.# #.##.# #.#
#.###.#
...##...####.#
#.....#
......l@.....#
#######
..#.<@..######
#.#.#.## # #.
#. #. #. #.


You could see Josephine and a komodo dragon.

Vanquished Creatures
  A hydra (D:9)
  Erica (D:8)
  3 unseen horrors
  A hill giant (D:10)
  A two-headed ogre (D:9)
  3 trolls
  5 wraiths (D:10)
  6 yaks (D:10)
  A hungry ghost (D:9)
  A deep elf fighter (D:10)
  Menkaure (D:7)
  3 sky beasts
  An orc warrior (D:4)
  6 ice beasts
  3 eyes of draining (D:6)
  2 phantoms
  4 centaurs
  2 ogres
  A big kobold (D:9)
  A giant frog (D:7)
  A wyvern skeleton (D:8)
  4 scorpions
  4 wights
  A water moccasin skeleton (D:4)
  A spriggan skeleton (D:9)
  7 crimson imps
  2 jellies
  6 centaur skeletons
  2 centaur zombies
  5 hounds
  2 giant frog skeletons
  A giant frog zombie (D:10)
  Crazy Yiuf (D:7)
  2 orc priests
  6 orc wizards
  Jessica (D:3)
  3 iguanas
  4 worker ants
  Robin (D:3)
  9 adders
  11 gnolls
  A worker ant zombie (D:7)
  3 river rats (D:10)
  A shadow imp (D:5)
  An ooze (D:5)
  2 adder zombies (D:5)
  3 worms
  An adder skeleton (D:6)
  6 giant geckos
  29 orcs
  3 ball pythons
  17 bats
  3 giant cockroaches
  23 goblins
  10 hobgoblins
  9 jackals
  20 kobolds
  6 quokkas
  A giant gecko skeleton (D:4)
  7 giant newts
  A quokka zombie (D:7)
  17 rats
  A fungus (D:10)
286 creatures vanquished.

Vanquished Creatures (collateral kills)
  A yak (D:10)
  An ice beast (D:8)
  An orc warrior (D:8)
  A crimson imp (D:8)
  An orc (D:8)
  A quokka (D:8)
6 creatures vanquished.

Vanquished Creatures (others)
  12 fungi (D:10)
  4 plants (D:10)
16 creatures vanquished.

Grand Total: 308 creatures vanquished

Notes
Turn   | Place    | Note
--------------------------------------------------------------
     0 | D:1      | kae the Minotaur Fighter began the quest for the Orb.
     0 | D:1      | Reached XP level 1. HP: 19/19 MP: 0/0
   145 | D:1      | Reached XP level 2. HP: 20/26 MP: 1/1
   385 | D:1      | Reached skill level 4 in Long Blades
   805 | D:2      | Found a burning altar of Makhleb.
   815 | D:2      | Reached skill level 5 in Long Blades
   815 | D:2      | Reached XP level 3. HP: 25/31 MP: 2/2
   820 | D:2      | Became a worshipper of Makhleb the Destroyer
   882 | D:2      | Reached XP level 4. HP: 32/39 MP: 3/3
  1126 | D:2      | Acquired Makhleb's first power
  1335 | D:2      | Found a basalt altar of Yredelemnul.
  1353 | D:2      | Found a sacrificial altar of Ru.
  1667 | D:3      | Reached skill level 6 in Long Blades
  1746 | D:3      | Acquired Makhleb's second power
  1820 | D:3      | Noticed Jessica
  1829 | D:3      | Killed Jessica
  1829 | D:3      | Reached XP level 5. HP: 45/45 MP: 4/4
  1910 | D:3      | Noticed Robin
  1958 | D:3      | Killed Robin
  2134 | D:4      | Reached skill level 7 in Long Blades
  2170 | D:4      | Found a deep blue altar of Sif Muna.
  2184 | D:4      | Noticed a phantom
  2194 | D:4      | Killed a phantom
  2194 | D:4      | Acquired Makhleb's third power
  2194 | D:4      | Reached skill level 8 in Long Blades
  2194 | D:4      | Reached XP level 6. HP: 28/51 MP: 5/5
  2485 | D:4      | You fall through a shaft for 3 floors!
  2595 | D:7      | Reached skill level 9 in Long Blades
  2595 | D:7      | Reached XP level 7. HP: 39/57 MP: 6/6
  3258 | D:7      | Reached skill level 10 in Long Blades
  3631 | D:6      | Reached skill level 11 in Long Blades
  3674 | D:6      | Reached XP level 8. HP: 61/64 MP: 7/7
  3789 | D:6      | Acquired Makhleb's fourth power
  3924 | D:5      | Entered Level 5 of the Dungeon
  4024 | D:5      | Reached skill level 12 in Long Blades
  4396 | D:5      | Found a staircase to the Ecumenical Temple.
  4399 | D:5      | Found a shadowy altar of Dithmenos.
  4778 | D:4      | Noticed an ogre
  4783 | D:4      | Killed an ogre
  4783 | D:4      | Reached skill level 13 in Long Blades
  4878 | D:4      | Acquired Makhleb's fifth power
  5442 | D:6      | Found Xuynk's Antique Armour Emporium.
  5545 | D:6      | Found a bloodstained altar of Trog.
  5552 | D:6      | Reached XP level 9. HP: 70/70 MP: 0/8
  5738 | D:6      | Reached skill level 14 in Long Blades
  5758 | D:6      | Reached skill level 1 in Invocations
  6097 | D:7      | Noticed Menkaure
  6101 | D:7      | Killed Menkaure
  6146 | D:7      | Noticed Crazy Yiuf
  6156 | D:7      | Killed Crazy Yiuf
  6641 | D:8      | Noticed Erica
  6677 | D:7      | Noticed an unseen horror
  6701 | D:7      | Killed an unseen horror
  6899 | D:8      | Killed Erica
  6899 | D:8      | Reached XP level 10. HP: 77/77 MP: 12/14
  7598 | D:9      | Noticed an unseen horror
  7609 | D:9      | Killed an unseen horror
  7609 | D:9      | Reached skill level 10 in Invocations
  7904 | D:9      | Noticed an eight-headed hydra
  7918 | D:9      | Killed a four-headed hydra
  8091 | D:9      | Found a radiant altar of Vehumet.
  8294 | D:10     | Entered Level 10 of the Dungeon
  8357 | D:10     | Noticed a hill giant
  8373 | D:10     | Killed a hill giant
  8373 | D:10     | Reached XP level 11. HP: 51/82 MP: 18/18
  8446 | D:10     | Noticed an unseen horror
  8493 | D:10     | Killed an unseen horror
  8667 | D:10     | Found a staircase to the Lair.
  8758 | D:10     | Found a portal to a secret trove of treasure.
  9113 | D:10     | Noticed Josephine
  9113 | D:10     | Demolished by a komodo dragon

Vault maps used:
D:1:      scummos_arrival_hexagon, minmay_stone_trees_small
D:2:      lemuel_round_altar, nicolae_overflow_crystal_walls,
          makhleb_heckhound_becter, first_bread
D:3:      uniq_jessica, uniq_robin
D:4:      old_standard_altar, kennysheep_generic_room_11
D:5:      grunt_dithmenos_shadows, minmay_temple_entry_overgrown
D:6:      trog_eyes_of_draining, serial_shops, nicolae_shop_crystal,
          minmay_crossroads
D:7:      uniq_menkaure, uniq_crazy_yiuf_cottage
D:8:      uniq_erica
D:9:      kennysheep_little_box, minmay_misc_feat_chi, hangedman_tell_no_tales
D:10:     grunt_lair_entry_elf_guard_hut, basic_altar, enter_trove_6,
          uniq_fannar, uniq_josephine, uniq_harold

Action                   |  1- 3 |  4- 6 |  7- 9 | 10-12 || total
-------------------------+-------+-------+-------+-------++-------
Melee: Long sword        |    81 |   199 |   430 |       ||   710
       Scimitar          |       |       |       |   321 ||   321
Invok: Minor Destruction |       |       |     5 |     4 ||     9
       Lesser Servant of |       |       |     1 |     1 ||     2
       Major Destruction |       |       |       |     1 ||     1
  Use: Scroll            |       |       |    16 |     2 ||    18
       Potion            |       |       |     1 |     2 ||     3
  Eat: Chunk             |       |     6 |    13 |     6 ||    25
       Bread ration      |       |       |       |     1 ||     1
